 Dungeon Crawl Stone Soup version 0.17.1-2-g5865329 (webtiles) character file.

947 Clownie the Covert (level 8, -4/52 HPs)
             Began as an Octopode Monk on Jan 22, 2016.
             Slain by Menkaure (20 damage)
             ... on level 6 of the Dungeon.
             The game lasted 00:04:46 (4979 turns).

Clownie the Covert (Octopode Monk)                  Turns: 4979, Time: 00:04:46

Health: -4/52      AC:  6    Str: 11    XL:     8   Next: 13%
Magic:  8/8        EV: 13    Int: 12    God:
Gold:   289        SH:  0    Dex: 16    Spells: 0 memorised, 7 levels left

rFire  . . .     SeeInvis .     h - +2 dagger (protect)
rCold  . . .     Clarity  .     (no shield)
rNeg   . . .     SustAt   .     (helmet restricted)
rPois  .         Gourm    .     (no amulet)
rElec  .         Spirit   .     (no ring)
rCorr  .         Warding  .     (no ring)
rMut   .         Stasis   .     (no ring)
MR     .....                    (no ring)
Stlth  +++++++...               (no ring)
                                (no ring)
                                (no ring)
                                (no ring)

@: not resistant to hostile enchantments, extremely stealthy
A: almost no armour, amphibious, 8 rings, constrict 8, camouflage 1, gelatinous
body 1
a: no special abilities


You were on level 6 of the Dungeon.
You were not hungry.

You visited 1 branch of the dungeon, and saw 6 of its levels.

You collected 289 gold pieces.

Inventory:

Hand Weapons
 h - a +2 dagger of protection (weapon)
 p - a +0 blowgun
Missiles
 q - 23 poisoned needles
Wands
 n - a wand of confusion (28)
 r - a wand of disintegration (3)
 w - a wand of disintegration (8)
Scrolls
 b - 5 scrolls of remove curse {unknown}
 e - 4 scrolls of identify {unknown}
 l - a scroll of teleportation {unknown}
 v - a scroll of enchant weapon {unknown}
Potions
 c - 2 potions of beneficial mutation {unknown}
 f - a potion of heal wounds {unknown}
 j - 2 potions of haste {unknown}
 o - a potion of cancellation {unknown}
 u - a potion of flight {unknown}
 x - a potion of poison {unknown}
Books
 s - a book of Callings

   Spells                             Type                      Level
   a - Summon Small Mammal            Summoning                    1
   b - Call Imp                       Summoning                    2
   c - Call Canine Familiar           Summoning                    3
   d - Summon Guardian Golem          Hexes/Summoning              3
   e - Summon Lightning Spire         Summoning/Air                4
   f - Summon Ice Beast               Ice/Summoning                4
 t - a book of Beasts

   Spells                             Type                      Level
   a - Summon Butterflies             Summoning                    1
   b - Call Canine Familiar           Summoning                    3
   c - Summon Ice Beast               Ice/Summoning                4
   d - Summon Mana Viper              Hexes/Summoning              5
   e - Summon Hydra                   Summoning                    7
Comestibles
 a - 5 bread rations
 d - a royal jelly
 g - 3 beef jerkies
 k - 2 meat rations
 m - a fruit


   Skills:
 - Level 3.0 Fighting
 - Level 3.2 Dodging
 + Level 12.3 Stealth
 - Level 4.4 Unarmed Combat


You had 7 spell levels left.
You didn't know any spells.

Dungeon Overview and Level Annotations

Branches:
Dungeon (6/15)             Temple (0/1) D:5

Altars:
Gozag
Makhleb
Nemelex Xobeh
Ru

Annotations:
D:6 Menkaure


Innate Abilities, Weirdness & Mutations

You cannot wear most types of armour.
You are amphibious.
You can wear up to eight rings at the same time.
You can use your tentacles to constrict eight enemies at once.
Your skin changes colour to match your surroundings (Stealth).
Your rubbery body absorbs attacks (AC +1).


Message History

You hit Menkaure but do no damage.
Menkaure is lightly damaged.
You constrict Menkaure. You hit Menkaure.
You squeeze Menkaure, but do no damage.
Menkaure is moderately damaged.
You constrict Menkaure.
Menkaure calls on the powers of darkness!
Your body is wracked with pain!
* * * LOW HITPOINT WARNING * * *
You are too injured to fight recklessly!
You are too injured to fight recklessly!
Drink which item? (? for menu, Esc to quit)
Okay, then.
You hit Menkaure but do no damage. You squeeze Menkaure, but do no damage.
Menkaure is moderately damaged.
You constrict Menkaure. Menkaure closely misses you.
You hit Menkaure.
Menkaure is heavily damaged.
You constrict Menkaure. Menkaure hits you!!
You die...

##...#..#
#...###.#
## ...
#.## ##.#
.#
#..##...#
##.#....#
#......#
#......#
##.)....#
#.@....##
#.M...##
##...##
....#
...#.
...##..
.### #.#
.# #.


You could see Menkaure.

Vanquished Creatures
  The ghost of Clownie the Insei, an amateur OpMo (D:3)
  Edmund (D:4)
  An orc warrior (D:6)
  An ice beast (D:6)
  A scorpion (D:4)
  A crimson imp (D:4)
  A hound (D:4)
  2 centaur skeletons
  A worker ant (D:4)
  A giant frog skeleton (D:6)
  2 orc wizards (D:4)
  Terence (D:2)
  Natasha (thrice) (D:2)
  Robin (D:2)
  3 adders
  2 shadow imps (D:5)
  An adder zombie (D:5)
  An ooze (D:1)
  An adder skeleton (D:5)
  2 worms
  3 giant geckos
  15 orcs
  A ball python (D:5)
  11 hobgoblins
  11 kobolds
  A quokka (D:1)
  A ball python skeleton (D:4)
  8 bats
  2 giant cockroaches (D:3)
  2 giant newts
  19 goblins
  7 jackals (D:4)
  7 rats
  A plant (D:1)
117 creatures vanquished.

Vanquished Creatures (others)
  A minotaur (D:1)
  2 gargoyles (D:1)
  2 elves (D:1)
  A troll (D:1)
  A naga (D:1)
  A centaur (D:1)
  2 mummies (D:1)
  An orc (D:1)
  2 kobolds (D:1)
  11 tentacles (D:1)
  46 tentacle segments (D:1)
70 creatures vanquished.

Grand Total: 187 creatures vanquished

Notes
Turn   | Place    | Note
--------------------------------------------------------------
     0 | D:1      | Clownie the Octopode Monk began the quest for the Orb.
     0 | D:1      | Reached XP level 1. HP: 16/16 MP: 1/1
     0 | D:1      | Noticed a naga
     0 | D:1      | Noticed a centaur
     0 | D:1      | Noticed a gargoyle
     0 | D:1      | Noticed a minotaur
     0 | D:1      | Noticed a gargoyle
     0 | D:1      | Noticed an elf
     0 | D:1      | Noticed a kraken
     0 | D:1      | Noticed an elf
     0 | D:1      | Noticed a troll
     4 | D:1      | Killed an elf
     5 | D:1      | Killed a centaur
     5 | D:1      | Killed a naga
     7 | D:1      | Killed an elf
     8 | D:1      | Killed a gargoyle
    11 | D:1      | Killed a troll
    11 | D:1      | Killed a gargoyle
    14 | D:1      | Killed a minotaur
   193 | D:1      | Reached XP level 2. HP: 18/21 MP: 2/2
   611 | D:1      | Reached XP level 3. HP: 16/26 MP: 3/3
   805 | D:2      | Found a sacrificial altar of Ru.
   831 | D:2      | Noticed Natasha
   837 | D:2      | Killed Natasha
   986 | D:2      | Reached XP level 4. HP: 31/31 MP: 4/4
  1163 | D:2      | Reached skill level 5 in Stealth
  1241 | D:2      | Noticed Robin
  1270 | D:2      | Killed Robin
  1408 | D:2      | Noticed Natasha
  1413 | D:2      | Killed Natasha
  1432 | D:2      | Noticed Terence
  1443 | D:2      | Killed Terence
  1443 | D:2      | Reached skill level 6 in Stealth
  1443 | D:2      | Reached XP level 5. HP: 23/36 MP: 5/5
  1604 | D:2      | Noticed Natasha
  1614 | D:2      | Killed Natasha
  1747 | D:3      | Noticed Clownie's ghost (amateur OpMo)
  1767 | D:3      | Killed Clownie's ghost
  1767 | D:3      | Reached skill level 8 in Stealth
  1767 | D:3      | Reached XP level 6. HP: 22/42 MP: 6/6
  2624 | D:4      | Reached skill level 9 in Stealth
  2874 | D:4      | Found a burning altar of Makhleb.
  2926 | D:4      | Found an opulent altar of Gozag.
  2944 | D:4      | Reached XP level 7. HP: 46/46 MP: 7/7
  3132 | D:4      | Reached skill level 10 in Stealth
  3574 | D:4      | Noticed Edmund
  3586 | D:4      | Killed Edmund
  3844 | D:5      | Entered Level 5 of the Dungeon
  3862 | D:5      | Reached skill level 11 in Stealth
  4179 | D:5      | Found a staircase to the Ecumenical Temple.
  4299 | D:5      | Found a sparkling altar of Nemelex Xobeh.
  4679 | D:6      | Reached skill level 12 in Stealth
  4679 | D:6      | Reached XP level 8. HP: 20/52 MP: 8/8
  4970 | D:6      | Noticed Menkaure
  4979 | D:6      | Slain by Menkaure

Action                   |  1- 3 |  4- 6 |  7- 9 || total
-------------------------+-------+-------+-------++-------
Melee: Unarmed           |    51 |       |       ||    51
       Dagger            |    13 |   139 |    80 ||   232
  Use: Potion            |       |     1 |     1 ||     2
 Stab: Sleeping          |     9 |    16 |    14 ||    39
       Distracted        |     2 |       |     1 ||     3
  Eat: Chunk             |       |     6 |     7 ||    13
